cohdb
Replays
Latest Replays
All Replays
Popular Replays
Top Player Replays
Match Explorer
How It Works
Community
CoH3 Stats
Reddit
Sign in to upload your games and track your stats! →
Sign in with Steam
Match 41772515
Unlisted
Match 41772515
Overview
Messages
Build Orders
End
Vickers Machine Gun Team
Construct Section Command Post
Selects Canadian Shock Battlegroup
ML 3-inch Mortar Team
Infantry Section
Infantry Section
Construct Platoon Command Post
Selects Attacking Spirit
Grenade Package
Team Weapon Training
Selects Incendiary Munitions
Humber Armored Car
Royal Engineer Section
Big Ham (DFC)
Darbesky
A Hard Boiled Egg
TheVoid
0
0
Comments
sign in to comment!
No comments posted yet!